 Dungeon Crawl Stone Soup version 0.25-a0-544-gee0576305d (webtiles) character file.

Game seed: 7096407694488322471, levelgen mode: deterministic

65 Maartensdijk the Shield-Bearer (level 3, 0/36 HPs)
             Began as a Troll Fighter on Feb 20, 2020.
             Succumbed to a worker ant's poison
             ... on level 3 of the Dungeon.
             The game lasted 00:06:29 (505 turns).

Maartensdijk the Shield-Bearer (Troll Fighter)       Turns: 505, Time: 00:06:29

Health: 0/36       AC:  6    Str: 25    XL:     3   Next: 92%
Magic:  2/2        EV:  8    Int:  4    God:
Gold:   34         SH:  9    Dex:  9    Spells: 2/2 levels left

rFire    . . .     SeeInvis .   a - +0 rapier
rCold    . . .     Gourm    +   c - +0 kite shield
rNeg     . . .     Faith    .   b - +0 robe
rPois    .         Spirit   .   (helmet restricted)
rElec    .         Reflect  .   (no cloak)
rCorr    .         Harm     .   (gloves unavailable)
MR       .....                  (boots unavailable)
Stlth    +.........             (no amulet)
HPRegen  0.52/turn              (no ring)
MPRegen  0.08/turn              (no ring)

@: lethally poisoned (0 -> -1)
A: large, unfitting armour, claws 3, fast metabolism 3, gourmand, regeneration
1, shaggy fur 1, tough skin 3
a: no special abilities


You were on level 3 of the Dungeon.
You were not hungry.

You visited 1 branch of the dungeon, and saw 4 of its levels.

You collected 34 gold pieces.

Inventory:

Hand Weapons
 a - a +0 rapier (weapon)
Armour
 b - a +0 robe (worn)
 c - a +0 kite shield (worn)
Scrolls
 h - 2 scrolls of remove curse {unknown}
 j - a scroll of identify {unknown}
 l - a scroll of teleportation
 m - a scroll of enchant weapon {unknown}
Potions
 d - a potion of might
 e - a potion of heal wounds {unknown}
 i - a potion of mutation {unknown}
 k - a potion of haste {unknown}
Comestibles
 f - 4 rations
 g - a chunk of flesh


   Skills:
 + Level 2.8 Fighting
 + Level 2.0 Short Blades
 + Level 2.9 Dodging
 + Level 3.0 Shields


You had 2 spell levels left.
You didn't know any spells.
Your spell library was empty.

Dungeon Overview and Level Annotations

Branches:
Dungeon (4/15)
 Temple: D:4-7

Altars:


Innate Abilities, Weirdness & Mutations

You are too large for most types of armour.
You have claws for hands.
Your metabolism is lightning-fast.
You like to eat raw meat.
Your natural rate of healing is unusually fast.
You are covered in fur. (AC +1)
You have extremely tough skin. (AC +3)


Message History

You closely miss the worker ant.
The worker ant is moderately wounded.
You feel sick.
The worker ant waves its antennae.
The worker ant bites you but does no damage.
You feel sick. The worker ant closely misses you.
You climb upwards.
You feel sick.
There is a stone staircase leading down here.
You barely miss the worker ant.
The worker ant is moderately wounded.
You feel sick. You block the worker ant's attack. The worker ant bites you.
* * * LOW HITPOINT WARNING * * *
You feel sick.
Number of times to repeat, then command key: You must enter the number of times for the command to repeat.
You feel sick.
You feel sick. The worker ant bites you!
* * * LOW HITPOINT WARNING * * *
You die...

..+.......#.#
..#...##..#.#
#.#.).##..#.#
###.#...##..#.#
##...#.......#.#####
#/.........>.......#
#)......a#...#.###.#
###......#.#...#.#
###
.........#.@...#.#
####.##..#.#...#.#
#..#.#.........#.#
#..#.##..###...#.#
##..#+#.รท.......#.#
#(....[#...##....
#......#........#.
#..<...#......#.#.#
##+##+##.#......


You could see a worker ant.

Vanquished Creatures
  Terence (D:3)
  An adder (D:2)
  A worm (D:2)
  A dart slug (D:2)
  4 leopard geckos
  3 bats (D:2)
  2 giant cockroaches (D:3)
  2 goblins (D:2)
  3 hobgoblins
  A frilled lizard (D:2)
  A kobold (D:1)
  3 rats
23 creatures vanquished.

Notes
Turn   | Place    | Note
-------+----------+-------------------------------------------
     0 | D:1      | Maartensdijk the Troll Fighter began the quest for the Orb.
     0 | D:1      | Reached XP level 1. HP: 22/22 MP: 0/0
    83 | D:2      | Reached XP level 2. HP: 20/29 MP: 1/1
   225 | D:2      | Reached XP level 3. HP: 36/36 MP: 2/2
   381 | D:3      | Noticed Terence
   415 | D:3      | Killed Terence
   415 | D:3      | Reached skill level 3 in Shields
   504 | D:3      | HP: 1/36 [worker ant (8)]
   505 | D:3      | Succumbed to a worker ant's poison

Levels and vault maps discovered:
D:1:      scummos_arrival_forest, layout_basic, minmay_heptomino_d4
D:2:      kennysheep_big_flooded_room, layout_basic, first_ration,
          grunt_ministairs_2
D:3:      layout_basic, uniq_jessica, uniq_terence, uniq_crazy_yiuf_cottage
D:4:      layout_loops_ring, uniq_menkaure

Skill      XL: |  1  2  3 |
---------------+----------+-----
Short Blades   | 2 |  2.0
Shields        | 3 |  3.0
Fighting       | |  2.8
Dodging        | |  2.9

Action                   || total
-------------------------++-------
Melee: Rapier            ||   102
Evoke: Wand              ||     1
  Use: Scroll            ||     1
 Stab: Sleeping          ||     1
  Eat: Chunk             ||     5
Armor: Robe              ||    39
Dodge: Dodged            ||    34
Block: Kite shield       ||    58

Table legend:
 A = Non-vault XP
 B = Vault XP
 C = Vault XP percentage of total XP
 D = Non-vault monster count
 E = Vault monster count
 F = Vault count percentage of total count
                 A         B        C        D         E       F
            +---------+---------+-------+---------+---------+-------
      Total |      55 |      38 |  40.9 |      20 |       3 |  13.0
            +---------+---------+-------+---------+---------+-------
        D:1 |       5 |       0 |   0.0 |       3 |       0 |   0.0
        D:2 |      42 |       2 |   4.5 |      13 |       2 |  13.3
        D:3 |       8 |      36 |  81.8 |       4 |       1 |  20.0
            +---------+---------+-------+---------+---------+-------
